 Dungeon Crawl Stone Soup version 0.21.1-1-g345015f (webtiles) character file.

50 beikul the Stinger (level 3, -1/16 HPs)
             Began as a Spriggan Venom Mage on Mar 11, 2018.
             Slain by an adder (3 damage)
             ... on level 1 of the Dungeon.
             The game lasted 00:18:36 (1825 turns).

beikul the Stinger (Spriggan Venom Mage)            Turns: 1825, Time: 00:18:36

Health: -1/16      AC:  2    Str:  4    XL:     3   Next: 55%
Magic:  7/9        EV: 19    Int: 17    God:
Gold:   95         SH:  0    Dex: 16    Spells: 3/9 levels left

rFire    . . .     SeeInvis +   n - +0 dagger
rCold    . . .     Gourm    .   (shield restricted)
rNeg     . . .     Faith    .   a - +0 robe
rPois    .         Spirit   .   (helmet restricted)
rElec    .         Reflect  .   (no cloak)
rCorr    .         Harm     .   (gloves unavailable)
MR       .....                  (boots unavailable)
Stlth    +++.......             (no amulet)
HPRegen  0.05/turn              m - ring of stealth
MPRegen  0.11/turn              (no ring)

@: lethally poisoned (-1 -> -4), very quick
A: very small, unfitting armour, see invisible, herbivore, speed 3, slow
metabolism 2
a: no special abilities


You were on level 1 of the Dungeon.
You were not hungry.

You visited 1 branch of the dungeon, and saw 2 of its levels.

You collected 95 gold pieces.

Inventory:

Hand Weapons
 g - a +0 whip
 i - a +0 club
 n - a +0 dagger (weapon)
Missiles
 l - 87 stones (quivered)
Armour
 a - a +0 robe (worn)
Jewellery
 m - a ring of stealth (left hand)
Scrolls
 f - a scroll of enchant armour {unknown}
 j - a scroll of identify
 k - 2 scrolls of magic mapping
 p - a scroll of immolation {unknown}
Potions
 d - a potion of might {unknown}
 e - a potion of heal wounds {unknown}
 h - a potion of cancellation {unknown}
 o - 2 potions of lignification {unknown}
Books
 b - a Young Poisoner's Handbook

   Spells                             Type                      Level
   a - Sting                          Conjuration/Poison           1
   b - Poisonous Vapours              Poison/Air                   2
   c - Mephitic Cloud                 Conjuration/Poison/Air       3
   d - Olgreb's Toxic Radiance        Poison                       4
   e - Venom Bolt                     Conjuration/Poison           5
Comestibles
 c - 3 rations


   Skills:
 + Level 0.1 Fighting
 + Level 3.4 Dodging
 + Level 3.4 Stealth
 + Level 3.5 Spellcasting
 + Level 1.0 Conjurations
 + Level 3.7 Poison Magic


You had 3 spell levels left.
You knew the following spells:

 Your Spells              Type           Power        Failure   Level  Hunger
a - Sting                 Conj/Pois      ##..         6%          1    None
b - Poisonous Vapours     Pois/Air       #.....       12%         2    ##.....
c - Mephitic Cloud        Conj/Pois/Air  #.......     26%         3    ###....


Dungeon Overview and Level Annotations

Branches:
Dungeon (2/15)

Altars:

Annotations:
D:2 Robin


Innate Abilities, Weirdness & Mutations

You are very small and have problems with some larger weapons.
You are too small for most types of armour.
You have supernaturally acute eyesight. (SInv)
You are a herbivore.
You cover ground extremely quickly.
You need consume almost no food.


Message History

Aim: a goblin, wielding a dagger The sting misses the goblin.
You feel sick. The goblin closely misses you. The jackal misses you.
The adder misses you.
Casting: Sting
Confirm with . or Enter, or press ? or * to list all spells.
Aiming: Sting
Press: ? - help, Shift-Dir - straight line, f/p - goblin
Aim: a goblin, wielding a dagger The sting hits the goblin.
The goblin is poisoned.
The goblin is moderately wounded.
The jackal bites you.
* * * LOW HITPOINT WARNING * * *
The adder barely misses you. The goblin hits you with a dagger.
* * * LOW HITPOINT WARNING * * *
The jackal closely misses you.
As you read the scroll labeled KENAKHLUILE, it crumbles to dust.
It is a scroll of identify.
k - 2 scrolls of magic mapping The adder bites you.
You die...

.⌠...##.....###.###.#
......#########.###.# ..⌠...#
#.....(..# .....<# #.##.##..#
..⌠...# ####.##.##..######### ###
......# #...........##...(..###.#
.⌠...####.##.##.##.###.......#...
.....#.........h##.# #..#........
....#####.##...S@g.###..#.#.[#...
.#### #.#########.......#..##.#
## ##.## #............###. #...#
#.#.##÷.####.# #. #...#
##.#.##.......# #. ###
#...#####.......####### #. ..#
#...............# ######.
..######...####........####......
.................#.......##.....#


You could see an adder, a jackal and a goblin.

Vanquished Creatures
  An adder (D:1)
  2 dart slugs (D:1)
  2 leopard geckos
  A ball python (D:1)
  4 giant cockroaches (D:1)
  8 goblins
  3 hobgoblins
  A jackal (D:1)
  4 bats (D:1)
  2 frilled lizards
  5 rats (D:2)
33 creatures vanquished.

Notes
Turn   | Place    | Note
-------+----------+-------------------------------------------
     0 | D:1      | beikul the Spriggan Venom Mage began the quest for the Orb.
     0 | D:1      | Reached XP level 1. HP: 9/9 MP: 5/5
   162 | D:1      | Reached XP level 2. HP: 13/13 MP: 0/6
   171 | D:1      | Learned a level 2 spell: Poisonous Vapours
   988 | D:2      | Reached XP level 3. HP: 13/16 MP: 0/8
  1363 | D:2      | Noticed Robin
  1414 | D:2      | Learned a level 3 spell: Mephitic Cloud
  1538 | D:2      | Reached skill level 1 in Conjurations
  1825 | D:1      | Slain by an adder

Skill      XL: |  1  2  3 |
---------------+----------+-----
Spellcasting   | 3 |  3.5
Conjurations   | 1 |  1.0
Fighting       | |  0.1
Dodging        | |  3.4
Stealth        | |  3.4
Poison Magic   | |  3.7

Action                   || total
-------------------------++-------
Melee: Dagger            ||     3
 Cast: Sting             ||    72
       Poisonous Vapours ||     7
  Use: Scroll            ||     1
Armor: Robe              ||     9
Dodge: Dodged            ||    81
